 Dungeon Crawl Stone Soup version 0.19.5 (webtiles) character file.

1222 JeffiDaFish the Cudgeler (level 8, -2/66 (67) HPs)
             Began as a Ghoul Gladiator on Mar 7, 2017.
             Slain by an iguana (7 damage)
             ... on level 5 of the Dungeon.
             The game lasted 00:14:40 (4754 turns).

JeffiDaFish the Cudgeler (Ghoul Gladiator)          Turns: 4754, Time: 00:14:40

HP:   -2/66 (67)    AC: 14    Str: 18 (19) XL:     8   Next: 47%
MP:   7/7           EV:  6    Int:  2 (3)  God:
Gold: 303           SH:  7    Dex: 10 (11) Spells: 0 memorised, 7 levels left

rFire  . . .     SeeInvis .     o - +3 mace (protect)
rCold  + . .     Gourm    .     p - +0 chain mail
rNeg   + + +     Faith    .     d - +0 shield
rPois  ∞         Spirit   .     c - +0 helmet
rElec  .         Reflect  .     n - +0 cloak
rCorr  .         Harm     .     (no gloves)
MR     .....                    (no boots)
Stlth  ..........               (no amulet)
                                k - +3 ring of protection
                                i - ring of wizardry

@: rotting
A: rotting body, claws 1, carnivore 3, cold resistance 1, negative energy
resistance 3, slow regeneration 1, torment resistance, unbreathing
a: no special abilities


You were on level 5 of the Dungeon.
You were not hungry.

You visited 1 branch of the dungeon, and saw 5 of its levels.

You collected 348 gold pieces.
You spent 45 gold pieces at shops.

Inventory:

Hand Weapons
 o - a +3 mace of protection (weapon)
Armour
 c - a +0 helmet (worn)
 d - a +0 shield (worn)
 n - a +0 cloak (worn)
 p - a +0 chain mail (worn)
Jewellery
 i - a ring of wizardry (left claw)
 k - a +3 ring of protection (right claw)
Scrolls
 h - a scroll of recharging
 j - 2 scrolls of magic mapping
 l - 4 scrolls of identify
Potions
 a - 2 potions of invisibility
 e - 2 potions of agility
 m - 2 potions of heal wounds
 r - a potion of curing
Comestibles
 b - a slice of pizza
 f - 6 meat rations
 q - a royal jelly
 s - a beef jerky


   Skills:
 + Level 4.5 Fighting
 + Level 6.5 Maces & Flails
 - Level 1.8 Throwing
 + Level 4.0 Armour
 + Level 4.2 Dodging
 + Level 1.4 Stealth
 * Level 1.2 Shields


You had 7 spell levels left.
You didn't know any spells.

Dungeon Overview and Level Annotations

Branches:
Dungeon (5/15)             Temple (0/1) D:4

Altars:
Ashenzari
Dithmenos
Nemelex Xobeh

Shops:
D:4 [}:(


Innate Abilities, Weirdness & Mutations

Your body is rotting away.
You thrive on raw meat.
You are immune to poison.
You have sharp fingernails.
You are carnivorous and can eat meat at any time.
Your flesh is cold resistant. (rC+)
You are immune to negative energy. (rN+++)
You regenerate slowly when monsters are visible.
You are immune to unholy pain and torment.
You can survive without breathing.


Message History

The iguana bites you.
* * * LOW HITPOINT WARNING * * *
You block the iguana's attack.
The iguana bites you but does no damage.
The iguana bites you!
* * * LOW HITPOINT WARNING * * *
The iguana bites you but does no damage.
The iguana bites you.
* * * LOW HITPOINT WARNING * * *
The iguana bites you.
* * * LOW HITPOINT WARNING * * *
The iguana bites you.
* * * LOW HITPOINT WARNING * * *
You block the iguana's attack.
The iguana bites you but does no damage.
The iguana closely misses you. You block the iguana's attack.
The iguana barely misses you. The iguana bites you!
You die...

...........(..
#...###.###.#.##.#
#...# #....).....#
#...# #.###.#)####
##...###.###.#.####
.................. #
#...###.###.##.#..
#.#l..# #.###.##.#..
#.#@..# #.<.........
#.....# #..##.##.#..
###.### #..##.##.#..
#.# #..##.##.#..
######.#####..##.##.#.#
#.............##.##.#.#
#.#............(..#.#.#
#.##.####.......#.#.#
#.##.####...##..#.#.#


You could see an iguana.

Vanquished Creatures
  Pikel (D:4)
  Grinder (D:3)
  Edmund (D:4)
  2 slaves (D:4)
  3 howler monkeys
  A crimson imp (D:5)
  A centaur zombie (D:5)
  A jelly (D:5)
  2 hounds (D:4)
  2 worker ants
  A hound skeleton (D:4)
  Robin (D:3)
  A gnoll (D:4)
  6 adders
  An adder skeleton (D:5)
  2 worms (D:5)
  3 dart slugs
  3 leopard geckos
  5 orcs
  3 ball pythons
  4 bats
  5 giant cockroaches
  13 goblins
  10 hobgoblins
  6 jackals
  2 quokkas
  5 frilled lizards
  A jackal skeleton (D:4)
  4 kobolds
  A leopard gecko skeleton (D:4)
  A leopard gecko zombie (D:5)
  5 rats
98 creatures vanquished.

Vanquished Creatures (others)
  An orc priest (D:4)
  A leopard gecko (D:4)
  An orc (D:4)
  A jackal (D:4)
4 creatures vanquished.

Grand Total: 102 creatures vanquished

Notes
Turn   | Place    | Note
-------+----------+-------------------------------------------
     0 | D:1      | JeffiDaFish the Ghoul Gladiator began the quest for the Orb.
     0 | D:1      | Reached XP level 1. HP: 17/17 MP: 0/0
   288 | D:1      | Reached XP level 2. HP: 22/24 MP: 1/1
   309 | D:1      | Reached skill level 3 in Maces & Flails
   886 | D:2      | Reached XP level 3. HP: 25/30 MP: 2/2
  1017 | D:2      | Found a sparkling altar of Nemelex Xobeh.
  1554 | D:3      | Noticed Robin
  1556 | D:3      | Reached XP level 4. HP: 37/37 MP: 3/3
  1566 | D:3      | Killed Robin
  1951 | D:3      | Reached skill level 1 in Armour
  2081 | D:3      | Reached XP level 5. HP: 33/44 MP: 4/4
  2280 | D:3      | Reached skill level 4 in Maces & Flails
  2316 | D:3      | Noticed Grinder
  2324 | D:3      | Paralysed by Grinder for 3 turns
  2351 | D:3      | Paralysed by Grinder for 7 turns
  2365 | D:3      | Paralysed by Grinder for 2 turns
  2368 | D:3      | Killed Grinder
  2368 | D:3      | Reached XP level 6. HP: 14/51 MP: 5/5
  2851 | D:4      | Noticed Edmund
  2864 | D:4      | Killed Edmund
  2864 | D:4      | Reached skill level 5 in Maces & Flails
  2864 | D:4      | Reached skill level 1 in Stealth
  2963 | D:4      | Noticed a slave
  2965 | D:4      | Noticed a slave
  2981 | D:4      | Killed a slave
  2989 | D:4      | Killed a slave
  2998 | D:4      | Noticed Pikel
  2999 | D:4      | Noticed a slave
  3001 | D:4      | Noticed a slave
  3016 | D:4      | HP: 2/46 [Pikel/whip of flaming (2)]
  3017 | D:4      | Killed Pikel
  3017 | D:4      | Reached skill level 6 in Maces & Flails
  3017 | D:4      | Reached XP level 7. HP: 3/54 MP: 6/6
  3017 | D:4      | Reached XP level 8. HP: 3/61 MP: 7/7
  3022 | D:4      | Found Kaofral's Book Boutique.
  3360 | D:4      | Found Citeilearr's Armour Boutique.
  3363 | D:4      | Bought a +0 shield for 45 gold pieces
  3377 | D:4      | Found Jeaduh's Gadget Shoppe.
  3484 | D:4      | Found Unuas's Antique Weapon Shop.
  3532 | D:4      | Found a staircase to the Ecumenical Temple.
  3957 | D:5      | Entered Level 5 of the Dungeon
  4005 | D:5      | Reached skill level 1 in Shields
  4204 | D:5      | Found a shadowy altar of Dithmenos.
  4502 | D:5      | Found a shattered altar of Ashenzari.
  4754 | D:5      | Slain by an iguana

Skill      XL: |  1  2  3  4  5  6  7  8 |
---------------+-------------------------+-----
Dodging        | 3 4 |  4.2
Maces & Flails | 3 4 6 |  6.5
Armour         | 1 2 3 4 |  4.0
Fighting       | 3 4 |  4.5
Stealth        | 1 |  1.4
Shields        | 1 |  1.2
Throwing       | |  1.8

Action                   |  1- 3 |  4- 6 |  7- 9 || total
-------------------------+-------+-------+-------++-------
Melee: Flail             |    72 |    85 |       ||   157
       Morningstar       |       |    52 |       ||    52
       Dire flail        |       |    32 |       ||    32
       Mace              |       |       |    96 ||    96
       Whip              |       |       |    49 ||    49
  Use: Scroll            |     8 |     1 |     3 ||    12
       Potion            |     7 |     3 |     1 ||    11
 Stab: Invisible         |     1 |       |       ||     1
       Sleeping          |     1 |       |       ||     1
  Eat: Chunk             |     5 |     2 |     9 ||    16
       Meat ration       |       |     1 |       ||     1
Armor: Ring mail         |    25 |    73 |       ||    98
       Chain mail        |       |    14 |    93 ||   107
Dodge: Dodged            |    47 |   118 |    49 ||   214
Block: Shield            |       |       |    58 ||    58
